 Dungeon Crawl Stone Soup version 0.31-a0-256-g80acddb972 (webtiles) character file.

Game seed: 5745468974729457789

25 Morbidden the Conjurer (level 2, 19/19 HPs)
             Began as a Demonspawn Conjurer on July 13, 2023.
             Was a Follower of Sif Muna.
             Quit the game on level 2 of the Dungeon.
             The game lasted 00:01:03 (1061 turns).

Morbidden the Conjurer (Demonspawn Conjurer)        Turns: 1061, Time: 00:01:04

Health: 19/19      AC:  5    Str:  7    XL:     2   Next: 82%
Magic:  5/5        EV: 12    Int: 19    God:    Sif Muna [*.....]
Gold:   66         SH:  5    Dex: 11    Spells: 2/5 levels left

rFire   . . .        a - +1 mace (venom)
rCold   . . .        (no shield)
rNeg    . . .        g - +0 robe
rPois   .            (no helmet)
rElec   .            (no cloak)
rCorr   .            (no gloves)
SInv    .            d - +0 pair of boots
Will    .....        f - amulet of reflection
Stlth   ++           (no ring)
HPRegen 0.23/turn    (no ring)
MPRegen 0.09/turn

%: reflection
@: no status effects
A: slimy green scales 1
a: Renounce Religion, Channel Magic


You were on level 2 of the Dungeon.
You worshipped Sif Muna.
Sif Muna was aware of your devotion.
You visited 1 branch of the dungeon, and saw 2 of its levels.

You collected 66 gold pieces.

Inventory:

Hand Weapons
 a - a +1 mace of venom (weapon)
Armour
 d - a +0 pair of boots (worn)
 g - a +0 robe (worn)
Jewellery
 f - an amulet of reflection (around neck)
Scrolls
 c - a scroll of vulnerability {unknown}
 e - a scroll of fear {unknown}
 h - 3 scrolls of immolation {unknown}
 i - 2 scrolls of identify {unknown}
 j - a scroll of summoning {unknown}
Potions
 b - a potion of magic


   Skills:
 * Level 0.4 Armour
 * Level 1.9 Dodging
 + Level 2.0 Stealth
 * Level 0.6 Unarmed Combat
 * Level 2.0 Spellcasting
 * Level 4.3 Conjurations


You had 2 spell levels left.
You knew the following spells:

 Your Spells              Type           Power      Damage    Failure   Level
a - Magic Dart            Conj           72%        1d6       2%          1
b - Searing Ray           Conj           36%        2d5       4%          2

Your spell library contained the following spells:

 Spells                   Type           Power      Damage    Failure   Level
 Dazzling Flash           Conj/Hex       20%        N/A       21%         3
 Fulminant Prism          Conj/Hex       5%         3d7       56%         4
 Iskenderun's Mystic Bla  Conj/Tloc      10%        2d4       56%         4


Dungeon Overview and Level Annotations

Branches:
Dungeon (2/15)

Altars:
Sif Muna
Trog

Shops:
D:1 :


Innate Abilities, Weirdness & Mutations

You are partially covered in slimy green scales. (AC +2)


Message History

Search for what [? for help]? .
An adder is nearby!
Unknown command.
Search for what [Enter for "."]?
You see here a ball python corpse.
A rat comes into view.
You can't go up here!
Unknown command.
Casting: Magic Dart (safe; 2% risk of failure)
Confirm with . or Enter, or press ? or * to list all spells.
Aiming: Magic Dart (safe; 2% risk of failure)
Press: ? - help, Shift-Dir - straight line, f - rat
Aim: a rat (wandering, hasn't noticed you, 100% to hit)
The magic dart hits the rat.
You kill the rat!
Casting: Magic Dart (safe; 2% risk of failure)
Confirm with . or Enter, or press ? or * to list all spells.
You can't see any susceptible monsters within range! (Use Z to cast anyway.)
Casting: Magic Dart (safe; 2% risk of failure)
Confirm with . or Enter, or press ? or * to list all spells.
You can't see any susceptible monsters within range! (Use Z to cast anyway.)
Casting: Magic Dart (safe; 2% risk of failure)
Confirm with . or Enter, or press ? or * to list all spells.
You can't see any susceptible monsters within range! (Use Z to cast anyway.) Unknown command.
Search for what [Enter for "."]?
You see here a +0 short sword.
There is a dry fountain here.
There is a faded altar of an unknown god here.
Unknown command.
Press < or > to pray at altars.
This altar belongs to (a) Wu Jian, (b) Trog or (c) Sif Muna, but you can't tell which.
Press the corresponding letter to learn more about a god, or press enter to convert or escape to cancel.
Sif Muna accepts your prayer! Sif Muna welcomes you!
You can now call upon Sif Muna for magical energy.
Unknown command.
Press < or > to pray at altars.
Unknown command.
Press < or > to pray at altars.
Are you sure you want to abandon this character and quit the game? (Confirm with "yes".)

#...## # #....# .
#.<..#### #
#.......# #
#.##.##.# ##
#.##.##.# .#
#.#..##.# .#
#.#.∩...# .#
#.#...@.# .#
#...⌠...#
.############.#####
..............#
.############## ##


There were no monsters in sight!

Vanquished Creatures
  A dart slug (D:1)
  4 ball pythons
  3 endoplasms
  3 giant cockroaches (D:1)
  2 hobgoblins (D:1)
  A quokka (D:1)
  3 bats
  A frilled lizard (D:1)
  A goblin (D:1)
  A kobold (D:2)
  A rat (D:2)
21 creatures vanquished.

Notes
Turn   | Place    | Note
-------+----------+-------------------------------------------
     0 | D:1      | Morbidden the Demonspawn Conjurer began the quest for the
                  | Orb.
     0 | D:1      | Reached XP level 1. HP: 13/13 MP: 3/3
   236 | D:1      | Gained mutation: You are partially covered in slimy green
                  | scales. (AC +2) [demonic ancestry]
   236 | D:1      | Reached XP level 2. HP: 11/19 MP: 5/5
   452 | D:1      | Found Heguyg's Book Shop.
   797 | D:2      | Learned a level 2 spell: Searing Ray
   893 | D:2      | Found a faded altar of an unknown god.
   941 | D:2      | Found a bloodstained altar of Trog.
  1060 | D:2      | Prayed at the altar of an unknown god.
  1060 | D:2      | Became a worshipper of Sif Muna the Loreminder
  1060 | D:2      | Reached * piety under Sif Muna
  1061 | D:2      | Quit the game

Illustrated notes

Levels and vault maps discovered:
D:1:      saegor_arrival_fortress, layout_rooms, serial_shops,
          nicolae_shop_back_alley_shop
D:2:      layout_loops_cross, basic_altar, ebering_ecumenical_altar_abandoned,
          minmay_heptomino_o4

Skill      XL: |  1 |
---------------+----+-----
Stealth        | 2 |  2.0
Armour         | |  0.4
Dodging        | |  1.9
Unarmed Combat | |  0.6
Spellcasting   | |  2.0
Conjurations   | |  4.3

Action                     || total
---------------------------++-------
  Melee: Mace              ||    19
   Cast: Magic Dart        ||    38
    Use: Scroll            ||     1
 Armour: Robe              ||     5
  Dodge: Dodged            ||    17
  Block: Other             ||     8

Table legend: (Time is in decaauts)
 A = Elapsed time spent in this place.
 B = Non-inter-level travel time spent in this place.
 C = Inter-level travel time spent in this place.
 D = Time resting spent in this place.
 E = Time spent auto-exploring this place.
 F = Levels seen in this place.
 G = Mean time per level.
                   A        B        C        D        E       F      G
               +--------+--------+--------+--------+--------+-----+--------+
         Total |   1067 |    998 |     69 |      8 |    832 |   2 |  533.5 |
       Dungeon |   1067 |    998 |     69 |      8 |    832 |   2 |  533.5 |
               +--------+--------+--------+--------+--------+-----+--------+

Top non-repeatable levels by time:
     D:1: 796 daAuts
     D:2: 271 daAuts
